 Seeded DCSS version 0.31-a0-175-g9f7f995f2b (webtiles) character file.

Game seed: 13686468532733257171 (custom seed)

86 innerfire43 the Cutter (level 4, -23/35 HPs)
             Began as a Demonspawn Monk on June 17, 2023.
             Killed by an exploding orc wizard (41 damage)
             ... ignited by their inner flame
             ... on level 3 of the Dungeon.
             The game lasted 00:03:21 (1954 turns).

innerfire43 the Cutter (Demonspawn Monk)            Turns: 1954, Time: 00:03:23

Health: -23/35     AC:  5    Str: 10 (13) XL:     4   Next: 27%
Magic:  4/4        EV: 18    Int: 10 (12) God:
Gold:   190        SH:  0    Dex: 13 (15) Spells: 3/3 levels left

rFire   . . .        j - +1 dagger (speed)
rCold   . . .        d - orb {light}
rNeg    . . .        b - +0 robe
rPois   .            l - +1 helmet
rElec   .            (no cloak)
rCorr   .            g - +0 pair of gloves
SInv    .            (no boots)
Will    .....        (no amulet)
Stlth   +            o - +5 ring of evasion
HPRegen 0.25/turn    (no ring)
MPRegen 0.09/turn

%: no passive effects
@: hasted, glowing, very quick
A: foul stench 1, demonic touch 1
a: no special abilities


You were on level 3 of the Dungeon.
You visited 1 branch of the dungeon, and saw 3 of its levels.

You collected 190 gold pieces.

Inventory:

Hand Weapons
 a - a +0 short sword
 j - a +1 dagger of speed (weapon)
Armour
 b - a +0 robe (worn)
 d - an orb of light (worn)
 g - a +0 pair of gloves (worn)
 l - a +1 helmet (worn)
Jewellery
 o - a +5 ring of evasion (left hand)
Wands
 c - a wand of flame (9)
Scrolls
 m - 3 scrolls of identify {unknown}
 n - a scroll of noise {unknown}
 q - a scroll of revelation {unknown}
Potions
 k - 2 potions of heal wounds
 r - a potion of degeneration


   Skills:
 + Level 3.5 Fighting
 * Level 3.6 Short Blades
 * Level 3.5 Dodging


You had 3 spell levels left.
You didn't know any spells.
Your spell library contained the following spells:

 Spells                   Type           Power      Damage    Failure   Level
 Gell's Gravitas          Tloc           0%         N/A       75%         3
 Teleport Other           Tloc           0%         N/A       75%         3
 Petrify                  Tmut/Erth      0%         N/A       98%         4
 Metabolic Englaciation   Hex/Ice        0%         N/A       100%        5
 Dispersal                Tloc           0%         N/A       100%        6
 Statue Form              Tmut/Erth      0%         N/A       100%        6


Dungeon Overview and Level Annotations

Branches:
Dungeon (3/15)

Altars:


Innate Abilities, Weirdness & Mutations

You may rarely emit foul miasma when damaged in melee.
Your touch may inflict minor irresistible damage on your foes.


Message History

The orc wizard points at you and mumbles some strange words.
You resist with some effort.
You see here a bat corpse.
You swap places.
Your butterfly is engulfed in blazing flames.
You kill your butterfly!
Your butterfly disappears in a burst of colours!
Your butterfly is engulfed in blazing flames.
You kill your butterfly!
Your butterfly disappears in a burst of colours!
You swap places.
Your butterfly is engulfed in blazing flames.
You kill your butterfly!
Your butterfly disappears in a burst of colours!
You swap places.
You swap places.
Your butterfly is engulfed in blazing flames.
You kill your butterfly!
Your butterfly disappears in a burst of colours!
Found a green potion.
Something misses your butterfly.
The gnoll hits your butterfly with a +0 flail.
Your butterfly dies!
Your butterfly disappears in a burst of colours!
You closely miss the orc wizard.
The orc wizard is heavily wounded.
You hit the orc wizard but do no damage.
The orc wizard is heavily wounded.
The orc wizard completely misses you.
You hit the orc wizard but do no damage.
The orc wizard is heavily wounded.
You barely miss the orc wizard.
The orc wizard is heavily wounded.
You hit the orc wizard.
Flame seeps out of the orc wizard.
The orc wizard is severely wounded.
The orc wizard is engulfed in blazing flames.
Reactivating autopickup.
The orc wizard explodes!
The fiery explosion engulfs you!!!
Ouch! That really hurt!
You die...

#..##.##....##.##...#
#†.#..#......#..#.#.#
#..#..#..##[.#..#...#
#.....#.(##..#..#.#.#
#.....#...)..#..#.#.#
#.....##..†..#.##.#.##
#......###)†...#§§b(b#####
#......†......##○#.b.....#
##...###....###.@#.bb....#
# #.#..
######..!##..bg.).# ##.#
#..... .....#.
#....g..##...# #..####
##.###. ######g##..# ##. #
#. #.b..# #. ## #.).#.....
#.#b..#### ...#..##
#####...#


There were no monsters in sight!

Vanquished Creatures
  An orc wizard (D:3)
  A gnoll (D:3)
  2 adders
  2 dart slugs
  2 orcs (D:3)
  5 bats
  5 endoplasms
  2 giant cockroaches
  4 goblins
  6 hobgoblins
  3 jackals (D:2)
  4 kobolds
  A quokka (D:2)
  5 ball pythons
  3 frilled lizards
  A rat (D:3)
47 creatures vanquished.

Notes
Turn   | Place    | Note
-------+----------+-------------------------------------------
     0 | D:1      | innerfire43 the Demonspawn Monk began the quest for the
                  | Orb.
     0 | D:1      | Reached XP level 1. HP: 18/18 MP: 1/1
   167 | D:1      | Gained mutation: You may rarely emit foul miasma when
                  | damaged in melee. [demonic ancestry]
   167 | D:1      | Reached XP level 2. HP: 22/24 MP: 2/2
   959 | D:2      | Reached XP level 3. HP: 27/29 MP: 3/3
  1799 | D:3      | Gained mutation: Your touch may inflict minor irresistible
                  | damage on your foes. [demonic ancestry]
  1799 | D:3      | Reached XP level 4. HP: 33/35 MP: 4/4
  1954 | D:3      | Killed by an exploding orc wizard... ignited by their inner
                  | flame

Illustrated notes

Levels and vault maps discovered:
D:1:      lordsloth_arrival_two_stooges, layout_basic, serial_corexii_hall,
          corexii_hall_statues_l, corexii_hall_statues_x
D:2:      layout_loops_corners, minmay_tall_x
D:3:      layout_rooms, minmay_randomly_rotated_circles

Skill      XL: |  1  2 |
---------------+-------+-----
Dodging        | 3 |  3.5
Short Blades   | 3 |  3.6
Fighting       | |  3.5

Action                     |  1- 3 |  4- 6 || total
---------------------------+-------+-------++-------
  Melee: Short sword       |    18 |       ||    18
         Dagger            |   130 |    35 ||   165
    Use: Potion            |       |     5 ||     5
         Scroll            |       |     3 ||     3
 Armour: Robe              |    17 |     2 ||    19
  Dodge: Dodged            |    85 |    30 ||   115

Table legend: (Time is in decaauts)
 A = Elapsed time spent in this place.
 B = Non-inter-level travel time spent in this place.
 C = Inter-level travel time spent in this place.
 D = Time resting spent in this place.
 E = Time spent auto-exploring this place.
 F = Levels seen in this place.
 G = Mean time per level.
                   A        B        C        D        E       F      G
               +--------+--------+--------+--------+--------+-----+--------+
         Total |   1866 |   1754 |    112 |      0 |   1451 |   3 |  622.0 |
       Dungeon |   1866 |   1754 |    112 |      0 |   1451 |   3 |  622.0 |
               +--------+--------+--------+--------+--------+-----+--------+

Top non-repeatable levels by time:
     D:1: 911 daAuts
     D:2: 797 daAuts
     D:3: 157 daAuts
